 Dungeon Crawl Stone Soup version 0.29-a0-1014-ga8c0faee3b (webtiles) character file.

Game seed: 9437652184438405864

43 2tc the Stinger (level 3, -3/19 HPs)
             Began as a Deep Elf Venom Mage on Aug 9, 2022.
             Slain by a goblin
             ... wielding a +0 club
              (4 damage)
             ... on level 2 of the Dungeon.
             The game lasted 00:03:29 (1321 turns).

2tc the Stinger (Deep Elf Venom Mage)               Turns: 1321, Time: 00:03:30

Health: -3/19      AC:  4    Str:  5    XL:     3   Next: 37%
Magic:  5/9        EV: 13    Int: 19    God:
Gold:   46         SH:  0    Dex: 17    Spells: 5/8 levels left

rFire   . . .      SeeInvis .   e - +2 dagger (venom)
rCold   . . .      Faith    .   (no shield)
rNeg    . . .      Spirit   .   a - +0 robe
rPois   .          Reflect  .   (no helmet)
rElec   .          Harm     .   h - +0 cloak
rCorr   .          Rampage  .   f - +0 pair of gloves
Will    .....                   (no boots)
Stlth   ++........              (no amulet)
HPRegen 0.06/turn               (no ring)
MPRegen 0.11/turn               (no ring)

@: attractive, hasted, very quick
A: no striking features
a: no special abilities


You were on level 2 of the Dungeon.
You visited 1 branch of the dungeon, and saw 2 of its levels.

You collected 46 gold pieces.

Inventory:

Hand Weapons
 e - a +2 dagger of venom (weapon)
Armour
 a - a +0 robe (worn)
 f - a +0 pair of gloves (worn)
 h - a +0 cloak (worn)
Potions
 b - a potion of magic


   Skills:
 - Level 2.4 Dodging
 - Level 2.4 Stealth
 - Level 3.0 Spellcasting
 - Level 1.1 Transmutations
 * Level 4.9 Poison Magic


You had 5 spell levels left.
You knew the following spells:

 Your Spells              Type           Power      Damage    Failure   Level
a - Sting                 Tmut/Pois      56%        1d5       4%          1
b - Poisonous Vapours     Pois/Air       24%        N/A       9%          2

Your spell library contained the following spells:

 Spells                   Type           Power      Damage    Failure   Level
 Olgreb's Toxic Radiance  Pois           21%        N/A       21%         4
 Mephitic Cloud           Conj/Pois/Air  9%         N/A       24%         3


Dungeon Overview and Level Annotations

Branches:
Dungeon (2/15)

Altars:

Shops:
D:1 (


Message History

The sting misses the jackal.
The jackal bites you.
You miscast Sting.
You are very lightly contaminated with residual magic.
Nothing appears to happen.
The jackal completely misses you. The goblin barely misses you.
Unknown command.
The sting hits the jackal but does no damage.
The jackal is poisoned.
The jackal bites you but does no damage.
The goblin hits you with a +0 club.
The sting misses the jackal.
The jackal completely misses you. The jackal misses you.
The goblin barely misses you.
Unknown command.
You barely miss the jackal. The jackal misses you.
The goblin hits you with a +0 club.
You barely miss the jackal.
The jackal is moderately wounded.
The jackal misses you. The goblin barely misses you. The jackal misses you.
You completely miss the jackal.
The jackal is severely wounded.
The jackal closely misses you. The goblin hits you with a +0 club.
You completely miss the jackal.
The jackal is severely wounded.
The jackal closely misses you. The goblin hits you but does no damage.
Your magical contamination has completely faded away.
You barely miss the jackal.
The jackal is almost dead.
You kill the jackal!
The goblin hits you with a +0 club.
* * * LOW HITPOINT WARNING * * *
You closely miss the goblin. The goblin hits you with a +0 club.
* * * LOW HITPOINT WARNING * * *
You are too injured to fight recklessly!
It was a potion of cancellation.
You feel magically purged. The goblin barely misses you.
It was a potion of attraction.
You feel attractive to monsters. The goblin barely misses you.
You feel yourself speed up. The goblin hits you with a +0 club.
You die...

# #####. ### ....# ..#
#†g# #.# ###.@## #.#
.##.....# ##.##
#.##.#.##.# #...#
#.......##..
#...######.......# ###
#.........#.#.##.#########
#...#####.#.......##.....#
........#.#........#.....#
....†..<÷................#


You could see a goblin.

Vanquished Creatures
  2 adders (D:2)
  4 bats
  2 endoplasms
  A giant cockroach (D:1)
  3 goblins (D:1)
  4 hobgoblins
  2 jackals (D:2)
  A kobold (D:1)
  A ball python (D:1)
  3 rats
23 creatures vanquished.

Notes
Turn   | Place    | Note
-------+----------+-------------------------------------------
     0 | D:1      | 2tc the Deep Elf Venom Mage began the quest for the Orb.
     0 | D:1      | Reached XP level 1. HP: 10/10 MP: 6/6
   106 | D:1      | Found Juoschei's Antique Weapon Boutique.
   320 | D:1      | Reached XP level 2. HP: 15/15 MP: 5/8
   356 | D:1      | Reached skill level 4 in Poison Magic
   384 | D:1      | Learned a level 2 spell: Poisonous Vapours
   964 | D:2      | Reached XP level 3. HP: 15/19 MP: 4/9
  1321 | D:2      | Slain by a goblin

Illustrated notes

Levels and vault maps discovered:
D:1:      scummos_arrival_simple_crosswalls, layout_basic, serial_shops, shop
D:2:      layout_loops_cross, ebering_ecumenical_altar_mist, uniq_robin

Skill      XL: |  1  2 |
---------------+-------+-----
Poison Magic   | 4 |  4.9
Dodging        | |  2.4
Stealth        | |  2.4
Spellcasting   | |  3.0
Transmutations | |  1.1

Action                   || total
-------------------------++-------
Melee: Short sword       ||     5
       Dagger            ||     6
 Cast: Sting             ||    43
       Poisonous Vapours ||     2
  Use: Scroll            ||     2
       Potion            ||     3
Armor: Robe              ||     5
Dodge: Dodged            ||    27

Table legend: (Time is in decaauts)
 A = Elapsed time spent in this place.
 B = Non-inter-level travel time spent in this place.
 C = Inter-level travel time spent in this place.
 D = Time resting spent in this place.
 E = Time spent auto-exploring this place.
 F = Levels seen in this place.
 G = Mean time per level.
                   A        B        C        D        E       F      G
               +--------+--------+--------+--------+--------+-----+--------+
         Total |   1320 |   1308 |     12 |    105 |   1021 |   2 |  660.0 |
       Dungeon |   1320 |   1308 |     12 |    105 |   1021 |   2 |  660.0 |
               +--------+--------+--------+--------+--------+-----+--------+

Top non-repeatable levels by time:
     D:1: 888 daAuts
     D:2: 431 daAuts
